 Dungeon Crawl Stone Soup version 0.19-a0-1697-g0595f0e (webtiles) character file.

5546 kae the Spear-Bearer (level 11, -20/74 (75) HPs)
             Began as a Formicid Fighter on Sept 26, 2016.
             Was a Believer of Makhleb.
             Demolished by a polar bear (25 damage)
             ... on level 9 of the Dungeon.
             The game lasted 00:14:36 (9358 turns).

kae the Spear-Bearer (Formicid Fighter)             Turns: 9358, Time: 00:14:37

HP:   -20/74 (75)   AC: 14    Str: 23    XL:     11   Next: 2%
MP:   11/11         EV:  9    Int:  9    God:    Makhleb [**....]
Gold: 418           SH:  0    Dex: 10    Spells: 0 memorised, 10 levels left

rFire  . . .     SeeInvis +     a - +4 trident (flame)
rCold  . . .     Gourm    +     w - +1 scale mail {rPois}
rNeg   . . .     Faith    .     y - +0 buckler of Makhleb's Delight {+Inv}
rPois  +         Spirit   .     (helmet unavailable)
rElec  .         Dismiss  .     v - +1 cloak
rCorr  .         Reflect  .     e - +0 pair of gloves
MR     +....     Harm     .     (no boots)
Stlth  .......... Clarity  +    q - amulet of the gourmand
                                (no ring)
                                l - ring of stealth

@: confused
A: permanent stasis, dig shafts and tunnels, four strong arms, antennae 3,
talons 1, yellow scales 1, clarity
a: Dig, Shaft Self, Minor Destruction, Renounce Religion, Evoke Invisibility


You were on level 9 of the Dungeon.
You worshipped Makhleb.
Makhleb was pleased with you.
You were full.

You visited 2 branches of the dungeon, and saw 10 of its levels.

You collected 418 gold pieces.

Inventory:

Hand Weapons
 a - a +4 trident of flaming (weapon)
Armour
 b - a +0 scale mail
 c - a +0 shield
 e - a +0 pair of gloves (worn)
 v - a +1 cloak (worn)
 w - a +1 scale mail of poison resistance (worn)
 y - the +0 buckler of Makhleb's Delight (worn) {+Inv}
   (You found it on level 4 of the Dungeon)

   It lets you turn invisible.
Jewellery
 l - a ring of stealth (left hand)
 q - an amulet of the gourmand (around neck)
Wands
 d - a wand of random effects (12/48)
 t - a wand of hasting (9/9)
Scrolls
 i - 4 scrolls of remove curse
 j - 2 scrolls of recharging
 z - a scroll of magic mapping
Potions
 g - 2 potions of brilliance
 n - a potion of haste {unknown}
 p - a potion of resistance
 r - 2 potions of lignification
 s - a potion of mutation
 x - a potion of heal wounds {unknown}
 E - a potion of cure mutation {unknown}
Books
 C - a book of Burglary

   Spells                             Type                      Level
   a - Swiftness                      Charms/Air                   2
   b - Passwall                       Transmutation/Earth          2
   c - Passage of Golubria            Translocation                4
   d - Lee's Rapid Deconstruction     Earth                        5
   e - Darkness                       Hexes                        6
   f - Invisibility                   Hexes                        6
Comestibles
 f - 6 bread rations
 h - a fruit
 k - 8 beef jerkies
 o - a slice of pizza
 u - 5 meat rations


   Skills:
 - Level 3.2 Fighting
 + Level 14.9 Polearms
 - Level 3.2 Armour
 - Level 3.6 Shields


You had 10 spell levels left.
You didn't know any spells.

Dungeon Overview and Level Annotations

Branches:
Dungeon (9/15)             Temple (1/1) D:5
   Lair: D:8-11         Orc: D:9-12

Altars:
Ashenzari
Cheibriados
Dithmenos
Elyvilon
Fedhas
Gozag
Hepliaklqana
Kikubaaqudgha
Makhleb
Nemelex Xobeh
Okawaru
Qazlal
Ru
Sif Muna
Trog
Uskayaw
Vehumet
Xom
Yredelemnul
Zin
The Shining One

Shops:
D:5 :

Annotations:
D:6 kae's ghost, amateur FoFi
D:7 dvd's ghost, novice OpVM
D:9 Psyche


Innate Abilities, Weirdness & Mutations

You are under a permanent stasis effect.
You can dig through walls and to a lower floor.
Your four strong arms can wield two-handed weapons with a shield.
You have a pair of large antennae on your head. (SInv)
You have sharp toenails.
You are partially covered in yellow scales. (AC +2)
You possess an exceptional clarity of mind.


Message History

The polar bear claws you but does no damage.
The polar bear claws you. The polar bear closely misses you.
The polar bear claws you but does no damage.
The polar bear claws you.
The orc priest mumbles some strange prayers to Beogh against you.
Beogh smites you!
* * * LOW HITPOINT WARNING * * *
The orc priest invokes the aid of Beogh against you.
Beogh smites you!
* * * LOW HITPOINT WARNING * * *
The polar bear bites you but does no damage.
You block the polar bear's attack. The polar bear claws you.
* * * LOW HITPOINT WARNING * * *
Unknown command.
Unknown command.
Okay, then.
You are confused.
You feel invigorated. The polar bear bites you!!
You die...

#.# #.# ##.# #[.###
###<#<#####
##...#.....#
#...†<#....#
##.(...##...... ###
#.(..@..#......
#..##(.:.h.........
#.......@........≈
#..#)....≈≈;≈≈...≈≈≈
#.....#..†.....≈≈≈≈≈≈≈
#...#.............5..
.# ##.......oo....?.
##..............
#...............


You could see a polar bear (berserk), Psyche, an orc warrior, an electric eel,
an orc priest and a white imp.

Vanquished Creatures
  Gastronok (D:8)
  Pikel (D:6)
  Grinder (D:4)
  Prince Ribbit (D:6)
  Grum (D:8)
  Duvessa (D:6)
  An orc warrior (D:6)
  A sky beast (D:4)
  2 ice beasts
  4 slaves (D:6)
  2 black bears
  A necrophage (D:8)
  A phantom (D:8)
  3 wolves
  2 ogres
  2 centaurs
  2 bullfrogs (D:8)
  Dowan (D:6)
  7 killer bees
  2 howler monkeys (D:9)
  A centaur zombie (D:6)
  A crimson imp (D:7)
  2 jellies
  A quasit (D:8)
  A bullfrog zombie (D:8)
  A gnoll shaman (D:4)
  A bullfrog skeleton (D:4)
  3 orc priests
  2 hounds
  Crazy Yiuf (D:3)
  7 orc wizards
  2 worker ants
  A killer bee zombie (D:7)
  A hound zombie (D:8)
  A hound skeleton (D:6)
  2 worker ant zombies
  8 adders
  3 gnolls (D:5)
  An ooze (D:7)
  2 adder skeletons
  2 dart slugs
  3 leopard geckos
  35 orcs
  5 bats (D:1)
  16 giant cockroaches
  9 goblins
  5 hobgoblins
  16 jackals
  4 kobolds
  4 quokkas
  3 ball pythons
  5 frilled lizards
  A jackal skeleton (D:4)
  A jackal zombie (D:5)
  A leopard gecko zombie (D:7)
  7 rats
196 creatures vanquished.

Vanquished Creatures (others)
  An orc priest (D:6)
  An orc (D:6)
2 creatures vanquished.

Grand Total: 198 creatures vanquished

Notes
Turn   | Place    | Note
-------+----------+-------------------------------------------
     0 | D:1      | kae the Formicid Fighter began the quest for the Orb.
     0 | D:1      | Reached XP level 1. HP: 18/18 MP: 1/1
    39 | D:1      | Reached XP level 2. HP: 23/24 MP: 2/2
   131 | D:1      | Reached skill level 3 in Polearms
   168 | D:1      | Reached XP level 3. HP: 27/29 MP: 3/3
   569 | D:2      | Found a snail-covered altar of Cheibriados.
   726 | D:2      | Reached skill level 4 in Polearms
   726 | D:2      | Reached XP level 4. HP: 34/35 MP: 4/4
   979 | D:3      | Found a runed door.
  1767 | D:3      | Noticed Crazy Yiuf
  1774 | D:3      | Killed Crazy Yiuf
  1774 | D:3      | Reached XP level 5. HP: 41/41 MP: 5/5
  1906 | D:4      | Got a scorched buckler
  1917 | D:4      | Identified the cursed +0 buckler of Makhleb's Delight {+Inv} (You found it on level 4 of the Dungeon)
  1928 | D:4      | Reached skill level 5 in Polearms
  1948 | D:4      | Noticed a sky beast
  1973 | D:4      | Killed a sky beast
  1973 | D:4      | Reached skill level 6 in Polearms
  1973 | D:4      | Reached XP level 6. HP: 15/47 MP: 6/6
  2211 | D:4      | Noticed Grinder
  2219 | D:4      | Killed Grinder
  2219 | D:4      | Reached skill level 7 in Polearms
  2219 | D:4      | Reached XP level 7. HP: 52/52 MP: 7/7
  2508 | D:5      | Entered Level 5 of the Dungeon
  2579 | D:5      | Found a sacrificial altar of Ru.
  2785 | D:5      | Found a blossoming altar of Fedhas.
  2788 | D:5      | Reached skill level 8 in Polearms
  3017 | D:5      | Reached XP level 8. HP: 51/58 MP: 8/8
  3024 | D:5      | Found a staircase to the Ecumenical Temple.
  3025 | D:5      | Found Dozathryi's Book Shop.
  3110 | Temple   | Entered the Ecumenical Temple
  3207 | Temple   | Became a worshipper of Makhleb the Destroyer
  3288 | D:5      | Found a sparkling altar of Nemelex Xobeh.
  3438 | D:6      | Noticed Dowan
  3443 | D:6      | Noticed Duvessa
  3450 | D:6      | Killed Dowan
  3466 | D:6      | Killed Duvessa
  3466 | D:6      | Reached skill level 9 in Polearms
  3526 | D:6      | Noticed kae's ghost (amateur FoFi)
  3807 | D:6      | Noticed Pikel
  3830 | D:6      | Killed Pikel
  3830 | D:6      | Reached skill level 10 in Polearms
  3830 | D:6      | Reached XP level 9. HP: 53/64 MP: 9/9
  4218 | D:6      | Noticed Prince Ribbit
  4572 | D:5      | Gained mutation: You are partially covered in yellow scales. (AC +2) [potion of mutation]
  4572 | D:5      | Gained mutation: You have sharp toenails. [potion of mutation]
  4572 | D:5      | Gained mutation: You possess an exceptional clarity of mind. [potion of mutation]
  4794 | D:6      | Reached skill level 11 in Polearms
  4815 | D:6      | Reached * piety under Makhleb
  5106 | D:6      | Found a hide-covered altar of Uskayaw.
  5106 | D:6      | Found an iron altar of Okawaru.
  5257 | D:7      | Noticed dvd's ghost (novice OpVM)
  5480 | D:6      | Killed Prince Ribbit
  6269 | D:7      | Found a glowing silver altar of Zin.
  6683 | D:6      | Reached skill level 12 in Polearms
  6946 | D:6      | HP: 3/64 [adder (2)]
  6952 | D:6      | HP: 3/64 [poisoned by dvd's ghost (sting)]
  6960 | D:6      | HP: 2/64 [poisoned by dvd's ghost (sting)]
  8044 | D:8      | Noticed Gastronok
  8326 | D:8      | Reached XP level 10. HP: 69/69 MP: 10/10
  8374 | D:8      | Reached skill level 13 in Polearms
  8505 | D:8      | Reached ** piety under Makhleb
  8568 | D:8      | Noticed Grum
  8600 | D:8      | Killed Grum
  9039 | D:8      | Killed Gastronok
  9039 | D:8      | Reached skill level 14 in Polearms
  9337 | D:9      | Reached XP level 11. HP: 71/74 MP: 11/11
  9350 | D:9      | Noticed Psyche
  9357 | D:9      | HP: 1/74 [polar bear (6)]
  9358 | D:9      | Demolished by a polar bear

Vault maps used:
D:1:      dpeg_arrival_chase
D:2:      minmay_roachtagon, kennysheep_slug_shrine, first_bread
D:3:      uniq_crazy_yiuf_cottage
D:4:      uniq_grinder
D:5:      marbit_many_paths, nicolae_ru_great_annihilating_truth, basic_altar,
          serial_shops, nicolae_shop_stone, kennysheep_donut
D:6:      nicolae_overflow_hidden_temple, uniq_duvessa, uniq_pikel,
          uniq_prince_ribbit1
D:7:      basic_altar, patterned_corridor
D:8:      uniq_grum, uniq_gastronok
D:9:      serial_ice, serial_ice_a, serial_ice_k, serial_ice_f, serial_ice_h,
          serial_ice_n, serial_ice_b, serial_ice_g, serial_ice_c,
          grunt_ogre_cave, uniq_psyche
Temple:   lightli_temple_of_artemis

Skill      XL: |  1  2  3  4  5  6  7  8  9 10 |
---------------+-------------------------------+-----
Polearms       | 3 4 6 7 8 10 12 14 | 14.9
Fighting       | |  3.2
Armour         | |  3.2
Shields        | |  3.6

Action                   |  1- 3 |  4- 6 |  7- 9 | 10-12 || total
-------------------------+-------+-------+-------+-------++-------
Melee: Trident           |   123 |   107 |   505 |   140 ||   875
       Kick              |       |       |    46 |    27 ||    73
 Abil: Dig               |       |       |     5 |       ||     5
       Evoke Invisibilit |       |       |     1 |       ||     1
Evoke: Wand              |       |       |     4 |       ||     4
  Use: Scroll            |       |     7 |     9 |     5 ||    21
       Potion            |       |     1 |     7 |     1 ||     9
 Stab: Paralysed         |       |       |     1 |       ||     1
       Distracted        |       |       |     1 |       ||     1
  Eat: Chunk             |       |     4 |    20 |     9 ||    33
       Fruit             |       |       |     1 |       ||     1
Armor: Scale mail        |    34 |    35 |   177 |    32 ||   278
       Skin              |       |       |     1 |       ||     1
Dodge: Dodged            |    31 |    25 |   144 |    27 ||   227
Block: Shield            |    43 |    32 |       |       ||    75
       Buckler           |       |     2 |    52 |    21 ||    75
